 Dungeon Crawl Stone Soup version 0.31-a0-1321-g5021b54cb2 (webtiles) character file.

Game seed: 16215269954231399836

327255 Pooter the Crack Shot (level 20, -4/189 HPs)
             Began as a Minotaur Fighter on Dec 19, 2023.
             Was an Elder of Okawaru.
             Killed from afar by an ironbound thunderhulk (21 damage)
             ... with a bolt of lightning
             ... on level 2 of the Vaults on Dec 20, 2023.
             The game lasted 05:06:52 (77971 turns).

Pooter the Crack Shot (Minotaur Fighter)           Turns: 77971, Time: 05:06:53

Health: -4/189     AC: 37    Str: 28    XL:     20   Next: 78%
Magic:  27/27      EV:  9    Int: 11    God:    Okawaru [****..]
Gold:   2150       SH:  0    Dex: 14    Spells: 14/19 levels left

rFire   . . .        a - +5 battleaxe (heavy)
rCold   + + .        (shield currently unavailable)
rNeg    . . .        Y - +12 crystal plate armour {ponderous}
rPois   .            (helmet restricted)
rElec   .            i - scarf {rC+ rF+}
rCorr   +            (no gloves)
SInv    .            o - +2 pair of boots of Yesterday {rC+ Dex+2}
Will    +....        x - amulet of regeneration Stlth
                     j - +4 ring of slaying
HPRegen 1.31/turn    K - ring "Rud Agef" {Fly rF- rCorr Int+6 Slay+3}
MPRegen 0.20/turn

%: no passive effects
@: about to teleport, heroic, flying, studying Long Blades, slow
A: horns 2, retaliatory headbutt, deformed body
}: 2/15 runes: decaying, gossamer
a: Renounce Religion, Heroism, Finesse


You were on level 2 of the Vaults.
You worshipped Okawaru.
Okawaru was greatly pleased with you.
You visited 8 branches of the dungeon, and saw 36 of its levels.
You also visited: Ice Cave and Wizlab.

You collected 6329 gold pieces.
You spent 4179 gold pieces at shops.

Inventory:

Hand Weapons
 a - a +5 heavy battleaxe (weapon)
   (You took it off Rupert on level 12 of the Dungeon)
 b - the +7 triple crossbow "Killer Klown's Peril" {speed, Int+4 Dex+4}
   (Okawaru gifted it to you on level 1 of the Orcish Mines)

   Int+4:     It affects your intelligence (+4).
   Dex+4:     It affects your dexterity (+4).
 C - a +2 executioner's axe of flaming
   (You acquired it on level 4 of the Swamp)
 E - a +5 dire flail of venom
   (You took it off a wight on level 8 of the Dungeon)
 T - a +1 eveningstar of flaming
   (You found it on level 3 of the Dungeon)
Missiles
 c - 17 atropa-tipped darts
 d - 18 silver javelins
 e - 2 curare-tipped darts
 R - 13 boomerangs (quivered)
 X - 9 javelins
Armour
 g - the +2 cloak "Siolytzo" {Str+3}
   (You bought it in a shop on level 10 of the Dungeon)

   Str+3:     It affects your strength (+3).
 i - a scarf of resistance (worn)
   (You found it on level 3 of the Spider Nest)
 o - the +2 pair of boots of Yesterday (worn) {rC+ Dex+2}
   (You bought it in a shop on level 10 of the Dungeon)

   Dex+2:     It affects your dexterity (+2).
   rC+:       It protects you from cold.
 w - a +1 cloak of preservation
   (You took it off Nikola on level 2 of the Spider Nest)
 O - a scarf of harm
   (You found it on level 4 of the Spider Nest)
 U - the +3 pair of seven-league boots {Rampage+∞}
   (You found it on level 4 of the Lair of Beasts)

   Rampage+∞: When moving toward enemies, its wearer moves as far as possible,
   alerting their target en route.
 Y - a +12 crystal plate armour of ponderousness (worn)
   (You found it on level 4 of the Lair of Beasts)
Jewellery
 j - a +4 ring of slaying (left hand)
   (You bought it in a shop on level 1 of the Elven Halls)
 x - an amulet of regeneration (around neck)
   (You found it on level 11 of the Dungeon)
 y - an amulet of reflection
   (You found it on level 4 of the Dungeon)
 A - a ring of willpower
   (You found it on level 5 of the Lair of Beasts)
 F - a ring of protection from fire
   (You found it on level 4 of the Spider Nest)
 I - a ring of protection from cold
   (You took it off an orc warrior on level 10 of the Dungeon)
 K - the ring "Rud Agef" (right hand) {Fly rF- rCorr Int+6 Slay+3}
   (You acquired it on level 3 of the Elven Halls)

   [ring of intelligence]

   Int+6:     It affects your intelligence (+6).
   Slay+3:    It affects your accuracy & damage with ranged weapons and melee
   (+3).
   rF-:       It makes you vulnerable to fire.
   Fly:       It grants you flight.
   rCorr:     It protects you from acid and corrosion.
 N - the ring "Gauhaw" {rElec rPois rN+ Dex+2}
   (You acquired it on level 8 of the Dungeon)

   [ring of poison resistance]

   Dex+2:     It affects your dexterity (+2).
   rElec:     It insulates you from electricity.
   rPois:     It protects you from poison rN+: It protects you from negative
   energy.
 S - a ring of see invisible
   (You bought it in a shop on level 1 of the Elven Halls)
Wands
 f - a wand of flame (53)
   (You bought it in a shop on level 7 of the Dungeon)
 u - a wand of paralysis (31)
   (You found it on level 12 of the Dungeon)
 z - a wand of roots (49)
   (You found it on level 4 of the Dungeon)
 D - a wand of digging (26)
   (You found it on level 4 of the Dungeon)
 G - a wand of mindburst (16)
   (You found it in a wizard's laboratory)
 P - a wand of quicksilver (13)
   (You found it on level 12 of the Dungeon)
 V - a wand of polymorph (21)
   (You found it on level 10 of the Dungeon)
Scrolls
 m - 3 scrolls of blinking
 n - 3 scrolls of fear
 q - 4 scrolls of noise {!r}
 r - 3 scrolls of fog
 t - 5 scrolls of teleportation {@r4}
 v - 6 scrolls of silence
 B - 2 scrolls of revelation
 W - 6 scrolls of poison {!r}
 Z - 10 scrolls of immolation {!r}
Potions
 h - 6 potions of resistance
 k - 4 potions of mutation {!q}
 l - 4 potions of cancellation
 p - 5 potions of haste {@q3}
 s - a potion of heal wounds {@q2}
 H - 5 potions of might
 J - 5 potions of enlightenment
 L - 19 potions of curing {@q1}
 M - 4 potions of attraction {!q}
 Q - 4 potions of lignification {!q}


   Skills:
 + Level 18.5(23.5) Fighting
 + Level 18.6(25.9) Axes
 - Level 11.7(21.5) Maces & Flails
 - Level 11.9(21.6) Polearms
 - Level 21.6(26.6) Ranged Weapons
 * Level 17.9(22.9) Armour
 - Level 3.6(8.6) Shields
 + Level 7.7 Translocations
 + Level 11.3 Invocations
 + Level 10.0 Evocations


You had 14 spell levels left.
You knew the following spells:

 Your Spells              Type           Power      Damage    Failure   Level
a - Manifold Assault      Tloc           17%        N/A       78%         4
c - Apportation           Tloc           34%        N/A       13%         1

Your spell library contained the following spells:

 Spells                   Type           Power      Damage    Failure   Level
 Blink                    Tloc           34%        N/A       21%         2
 Lesser Beckoning         Tloc           34%        N/A       21%         2
 Gell's Gravitas          Tloc           17%        N/A       36%         3
 Teleport Other           Tloc           17%        N/A       36%         3
 Momentum Strike          Conj/Tloc      16%        3d8       67%         2
 Freeze                   Ice            0%         1d3       97%         1
 Necrotise                Necr           0%         1d4       97%         1
 Slow                     Hex            0%         N/A       97%         1
 Sting                    Conj/Alch      0%         1d3       97%         1
 Jinxbite                 Hex            0%         N/A       99%         2
 Mercury Vapours          Alch/Air       0%         N/A       99%         2
 Scorch                   Fire           0%         2d5       99%         2
 Searing Ray              Conj           0%         2d4       99%         2
 Sublimation of Blood     Necr           0%         N/A       99%         2
 Vhi's Electric Charge    Tloc/Air       16%        N/A       99%         4
 Confusing Touch          Hex            0%         N/A       100%        3
 Dazzling Flash           Conj/Hex       0%         N/A       100%        3
 Frozen Ramparts          Ice            0%         1d1       100%        3
 Hailstorm                Conj/Ice       0%         3d5       100%        3
 Mephitic Cloud           Conj/Alch/Air  0%         N/A       100%        3
 Ozocubu's Armour         Ice            0%         N/A       100%        3
 Sigil of Binding         Hex            0%         N/A       100%        3
 Stone Arrow              Conj/Erth      0%         3d7       100%        3
 Vampiric Draining        Necr           0%         2d6       100%        3
 Brom's Barrelling Bould  Conj/Erth      0%         2d3       100%        4
 Flame Wave               Conj/Fire      0%         2d4       100%        4
 Ignite Poison            Fire/Alch      0%         N/A       100%        4
 Olgreb's Toxic Radiance  Alch           0%         N/A       100%        4
 Petrify                  Alch/Erth      0%         N/A       100%        4
 Sticky Flame             Fire/Alch      0%         2d4       100%        4
 Agony                    Necr           0%         N/A       100%        5
 Alistair's Intoxication  Alch           0%         N/A       100%        5
 Arcjolt                  Conj/Air       0%         1d10      100%        5
 Borgnjor's Vile Clutch   Necr/Erth      0%         N/A       100%        5
 Irradiate                Conj/Alch      0%         3d11      100%        5
 Lee's Rapid Deconstruct  Erth           0%         3d4*      100%        5
 Silence                  Hex/Air        0%         N/A       100%        5
 Yara's Violent Unravell  Hex/Alch       0%         3d3       100%        5
 Conjure Ball Lightning   Conj/Air       0%         3x3d6     100%        6
 Dispersal                Tloc           8%         N/A       100%        6
 Eringya's Noxious Bog    Alch           0%         4d6       100%        6
 Enfeeble                 Hex            0%         N/A       100%        7
 Ozocubu's Refrigeration  Ice            0%         4d7       100%        7
 Discord                  Hex            0%         N/A       100%        8
 Disjunction              Tloc           8%         N/A       100%        8
 Ignition                 Fire           0%         3d3       100%        8
 Lehudib's Crystal Spear  Conj/Erth      0%         10d2      100%        8
 Maxwell's Capacitive Co  Air            0%         ∞         100%        8
 Chain Lightning          Conj/Air       0%         N/A       100%        9
 Polar Vortex             Ice            0%         N/A       100%        9
 Animate Armour           Summ/Erth      Unusable   N/A       N/A         4
 Summon Lightning Spire   Summ/Air       Unusable   N/A       N/A         4
 Simulacrum               Ice/Necr       Unusable   N/A       N/A         6
 Summon Cactus Giant      Summ           Unusable   N/A       N/A         6

Dungeon Overview and Level Annotations

Branches:
Dungeon (15/15) Zot: 24673  Temple (1/1) D:6 Zot: 5968    Lair (5/5) D:9 Zot: 20184
  Swamp (4/4) Lair:2 Zot: 11742  Spider (4/4) Lair:2 Zot: 8527   Slime (0/5) Lair:4
    Orc (2/2) D:12 Zot: 8881     Elf (3/3) Orc:2 Zot: 5199  Vaults (2/5) D:13 Zot: 9778
 Depths (0/4) D:15          IceCv (visited)          WizLab (visited)
  Crypt: Vaults:2-3

Altars:
Ashenzari
Cheibriados
Dithmenos
Elyvilon
Fedhas
Gozag
Hepliaklqana
Kikubaaqudgha
Makhleb
Nemelex Xobeh
Okawaru
Qazlal
Ru
Sif Muna
Trog
Uskayaw
Vehumet
Wu Jian
Xom
Yredelemnul
Zin
The Shining One

Shops:
D:1 *([:   D:4 :   D:7 *[?   D:10 [   Orc:2 !?!?:=((   Elf:1 :=(   Elf:3 *

Annotations:
Temple 2 transporters
Elf:2 3 runed translucent doors


Innate Abilities, Weirdness & Mutations

You have a pair of horns on your head.
You reflexively headbutt those who attack you in melee.
Armour fits poorly on your strangely shaped body.


Message History

As you read the scroll of teleportation {@r4}, it crumbles to dust.
You feel strangely unstable.
The vault warden hits you but does no damage.
An ironbound convoker comes into view. It is wielding a +0 mace.
The yaktaur shoots a bolt.
The bolt hits you.
You hear a roar!
You hear a shout!
You completely miss the ironbound convoker.
The vault warden blocks your attack.
A slime creature comes into view.
Electricity crackles from the ironbound thunderhulk's apparatus.
The bolt of lightning hits you!!
The yaktaur shoots a bolt.
The bolt hits you.
You slice the ironbound convoker!! x2; The vault warden blocks your attack.
You slice the ettin!!
The stone giant is recalled.
The entropy weaver is recalled.
The ironbound frostheart is recalled.
The deep troll is recalled. x3
A slime creature comes into view.
A deep troll comes into view. x3
The ironbound convoker hits you with a +0 flail!
The vault warden hits you with a +3 long sword!!
* * * LOW HITPOINT WARNING * * *
The ettin hits you but does no damage. x2
The ironbound convoker barely misses you.
You furiously retaliate!
You headbutt the ironbound convoker!
A lindwurm comes into view.
The ironbound frostheart touches you!
* * * LOW HITPOINT WARNING * * *
The ironbound frostheart freezes you! You resist.
* * * LOW HITPOINT WARNING * * *
Electricity crackles from the ironbound thunderhulk's apparatus.
The bolt of lightning hits you!!
* * * LOW HITPOINT WARNING * * *
An ironbound frostheart, a stone giant and an entropy weaver come into view.
You cut the ironbound convoker into ribbons!!!
You kill the ironbound convoker!
Okawaru accepts your kill.
You completely miss the vault warden. You slash the ettin!
You hit the ironbound convoker. You slash the ironbound frostheart!
You hear a shout!
A deep troll comes into view.
The ironbound convoker gestures at the ironbound frostheart while chanting.
The ironbound frostheart seems to grow stronger.
The vault warden hits you but does no damage.
The ettin hits you with a +0 dire flail.
* * * LOW HITPOINT WARNING * * *
The ettin barely misses you.
The ironbound convoker hits you with a +0 morningstar.
* * * LOW HITPOINT WARNING * * *
The ironbound frostheart touches you but does no damage.
Electricity crackles from the ironbound thunderhulk's apparatus.
The bolt of lightning hits you!!
You die...

,***** ***** *,,*
***** ,*,,,*
**,,,***#..##**,,,**
,*,,**
#,,,,,**.,..#*,,,,,*
,*,,,*
#.,,,,##....##,,,,,*
,*,,**
#..,,##......##,,,,*
,*,,,*
#...##..#..#..#*,,,*
,+,,**
#...OpCB.......,,,,*
,*,,,*
#....pppCp...k.,,,,*
,*,,**
*,,,*#p@#,,*,,**,,,*
,*,,,*
*,,,,##TTT.c.#*,,,,*
,*****
*,,,,,##....##,,,,,*
**
*,,,,^**....#*,,,,,*
**,,,***#..##**,,,**
***** *..# *****
*###


You could see a stone giant, a vault warden, an ironbound thunderhulk, an
entropy weaver, an ettin, 2 ironbound frosthearts, 3 deep trolls, a lindwurm, 3
ironbound convokers and a yaktaur.

Vanquished Creatures
  the Lernaean hydra (Swamp:4)
  Saint Roka (Vaults:1)
  Jory (Vaults:2)
  Nikola (Spider:2)
  Norris (Vaults:1)
  Arachne (Spider:4)
  Jorgrun (Arena)
  Rupert (D:12)
  A tentacled monstrosity (Swamp:3)
  Mlioglotl (Spider:1)
  A lich (IceCv)
  4 deep elf blademasters (Elf:3)
  7 deep elf master archers
  Asterion (Lair:2)
  Agnes (Elf:1)
  Kirke (D:12)
  Aizul (Spider:2)
  2 thorn hunters (WizLab)
  Donald (Orc:2)
  6 emperor scorpions
  4 fenstrider witches
  The ghost of Daonol the Brawler, a journeyman TrBe of Trog (Orc:1)
  10 ghost moths
  A vault warden (Vaults:1)
  Louise (Swamp:2)
  6 deep elf sorcerers
  4 deep elf elementalists (Elf:3)
  A formless jellyfish (Vaults:1)
  2 ironbound preservers (Vaults:1)
  2 ironbound thunderhulks
  4 deep elf demonologists (Elf:3)
  2 deep elf death magi (Elf:3)
  Nessos (D:15)
  4 eleionomae
  A dire elephant (Vaults:2)
  8 bunyips
  11 deep elf annihilators
  2 ettins
  4 deep elf high priests
  3 yaktaur captains
  3 entropy weavers
  3 shambling mangroves (WizLab)
  8 vault guards (D:13)
  7 ghost crabs
  Harold (Lair:1)
  Erolcha (Orc:2)
  6 alligators
  4 catoblepae
  6 ogre magi
  13 centaur warriors
  24 hydras
  10 boulder beetles
  A death knight (D:13)
  A jorogumo (Spider:2)
  17 dancing weapons
  A satyr (WizLab)
  32 two-headed ogres
  6 radroaches
  9 death yaks
  7 demonic crawlers
  A tengu warrior (D:15)
  An orc high priest (Vaults:1)
  6 naga sharpshooters (WizLab)
  Urug (D:12)
  12 deep elf knights
  Nergalle (Orc:1)
  7 goliath frogs
  4 sun moths
  4 skysharks
  3 skeletal warriors
  4 pharaoh ants
  Lodul (Arena)
  9 bog bodies
  5 deep trolls (Vaults:1)
  7 spriggan druids
  8 orb spiders
  10 swamp dragons
  A spriggan simulacrum (IceCv)
  An obsidian statue (IceCv)
  7 ironbound convokers
  An arcanist (Vaults:1)
  6 steelbarb worms
  32 deep elf pyromancers
  2 necromancers
  4 orc knights
  5 lindwurms
  21 deep elf zephyrmancers
  2 phantasmal warriors (D:13)
  20 deep elf archers
  2 orc sorcerers
  5 ugly things
  3 will-o-the-wisps
  The ghost of Phlounder the Ducker, a novice DjWr of Makhleb (D:5)
  4 fauns (WizLab)
  3 oklob plants
  4 cyclopes
  2 moths of wrath
  22 wolf spiders
  10 elephants
  6 manticores
  3 black mambas
  4 apocalypse crabs (Swamp:3)
  A guardian serpent (Lair:4)
  3 vault sentinels
  A kobold blastminer (Orc:2)
  6 gargoyles
  10 torpor snails
  6 cane toads
  3 kobold demonologists
  Maggie (D:8)
  Psyche (D:8)
  4 anaconda simulacra (IceCv)
  2 rime drakes
  2 efreet (D:14)
  10 komodo dragons
  A golden dragon simulacrum (IceCv)
  13 yaktaurs
  17 freezing wraiths (IceCv)
  A bloated husk (Swamp:4)
  A tengu conjurer (D:15)
  10 tyrant leeches
  A polar bear (Lair:4)
  6 trolls
  6 meliai
  16 hornets
  Prince Ribbit (D:6)
  A polar bear (shapeshifter) (Elf:3)
  20 tarantellas
  4 alligator simulacra (IceCv)
  15 blink frogs
  36 jumping spiders
  13 slime creatures
  Sigmund (D:2)
  14 culicivoras
  2 air elementals
  2 wraiths
  3 dire elephant simulacra (IceCv)
  3 water elementals
  2 vampires
  58 yaks
  12 spriggans
  3 fire elementals
  5 wyverns
  2 shadows
  4 humans (D:12)
  57 redbacks
  3 basilisks
  2 steam dragons
  9 vampire mosquitoes
  4 wargs
  3 minotaur simulacra (IceCv)
  17 swamp worms
  The ghost of Phlounder the Sneak, an amateur DjEn (D:3)
  3 harpy simulacra (IceCv)
  14 water moccasins
  An acid dragon (D:11)
  Duvessa (D:7)
  4 hydra simulacra (IceCv)
  7 swamp drakes (Swamp:4)
  10 orc warriors
  6 black bears
  An ice beast (D:7)
  33 ogres
  A sky beast (D:6)
  20 wolves
  7 centaurs
  The ghost of tgirl the Sneak, an amateur OpEn of Dithmenos (D:3)
  2 kobold brigands
  9 bullfrogs
  2 deep troll simulacra (IceCv)
  A gnoll sergeant (D:12)
  An earth elemental (Elf:1)
  4 scorpions
  8 wights
  Dowan (D:7)
  The ghost of lucidstorm14 the Chopper, a weakling MiBe of Trog (D:3)
  A killer bee (shapeshifter) (Elf:3)
  3 lindwurm simulacra (IceCv)
  2 troll zombies (Swamp:2)
  9 killer bees
  8 electric eels
  2 troll skeletons (Swamp:2)
  8 howler monkeys
  9 hounds
  A gnoll bouda (D:6)
  7 jellies
  5 iguanas
  5 orc priests
  3 sleepcaps
  17 orc wizards
  A boggart simulacrum (D:15)
  7 gnolls
  2 adders (D:3)
  2 river rats (D:5)
  A shadow imp (D:5)
  A white imp (D:8)
  6 dart slugs
  51 orcs
  4 endoplasms
  4 giant cockroaches
  2 hobgoblins (D:2)
  3 jackals (D:3)
  9 kobolds
  6 quokkas
  7 ball pythons
  4 frilled lizards
  2 goblins
  6 rats
  2 butterflies (Lair:5)
  A spectral weapon (Swamp:4)
1280 creatures vanquished.

Vanquished Creatures (others)
  A deep elf sorcerer (Elf:3)
  A deep elf elementalist (Elf:3)
  A deep elf demonologist (Elf:3)
  4 bloated husks
  A swamp drake (Swamp:1)
  A bullfrog (D:8)
  A kobold (D:9)
  8 foxfires
18 creatures vanquished.

Grand Total: 1298 creatures vanquished

Notes
Turn   | Place    | Note
-------+----------+-------------------------------------------
     0 | D:1      | Pooter the Minotaur Fighter began the quest for the Orb.
     0 | D:1      | Reached XP level 1. HP: 19/19 MP: 0/0
   190 | D:1      | Found Acuvagep's General Store.
   211 | D:1      | Found Pupooxal's Weapon Shop.
   245 | D:1      | Reached XP level 2. HP: 24/27 MP: 1/1
   315 | D:1      | Found Qiociafu's Book Shoppe.
   595 | D:1      | Found Zoch's Armour Shop.
  1071 | D:1      | Bought a +0 sling of freezing for 51 gold pieces
  1173 | D:2      | Reached XP level 3. HP: 33/33 MP: 2/2
  1437 | D:2      | Noticed Sigmund
  1444 | D:2      | Killed Sigmund
  1445 | D:2      | Reached skill level 5 in Axes
  1445 | D:2      | Reached skill level 2 in Ranged Weapons
  1445 | D:2      | Reached XP level 4. HP: 41/41 MP: 3/3
  1445 | D:2      | Reached XP level 5. HP: 47/47 MP: 4/4
  1934 | D:1      | Bought a scroll of teleportation for 33 gold pieces
  2004 | D:3      | Found a runed translucent gate.
  2004 | D:3      | Found a runed translucent gate.
  2004 | D:3      | Found a runed translucent gate.
  2012 | D:3      | Noticed tgirl's ghost (amateur OpEn)
  2012 | D:3      | Noticed lucidstorm14's ghost (weakling MiBe)
  2012 | D:3      | Noticed Phlounder's ghost (amateur DjEn)
  2032 | D:3      | Reached skill level 3 in Ranged Weapons
  2041 | D:3      | Reached skill level 1 in Maces & Flails
  2250 | D:3      | Reached skill level 5 in Fighting
  2282 | D:3      | Reached XP level 6. HP: 39/56 MP: 5/5
  2775 | D:4      | Got Sajomeob's Thoughts on Arcane Combat and Nephomancy
  3012 | D:4      | Found Anucues's Book Boutique.
  3335 | D:5      | Entered Level 5 of the Dungeon
  3479 | D:5      | Reached skill level 4 in Ranged Weapons
  3543 | D:5      | Reached XP level 7. HP: 61/61 MP: 6/6
  3597 | D:5      | Found a runed translucent door.
  3597 | D:5      | Noticed Phlounder's ghost (novice DjWr)
  3615 | D:5      | Found an opulent altar of Gozag.
  3765 | D:5      | Found a glowing silver altar of Zin.
  4008 | D:5      | Found a runed translucent door.
  4038 | D:5      | Killed Phlounder's ghost
  4039 | D:5      | Reached skill level 5 in Maces & Flails
  4039 | D:5      | Reached skill level 5 in Ranged Weapons
  4039 | D:5      | Reached XP level 8. HP: 23/70 MP: 7/7
  4456 | D:5      | Reached skill level 6 in Ranged Weapons
  4881 | D:6      | Found a bloodstained altar of Trog.
  4881 | D:6      | Found a shadowy altar of Dithmenos.
  4881 | D:6      | Found a stormy altar of Qazlal.
  4941 | D:6      | Noticed Prince Ribbit
  5036 | D:6      | Killed Prince Ribbit
  5232 | D:6      | Reached skill level 7 in Ranged Weapons
  5374 | D:6      | Identified the +3 rapier "Raupp" {flame, rCorr}
  5568 | D:6      | Found a staircase to the Ecumenical Temple.
  5574 | Temple   | Found a transporter.
  5574 | Temple   | Found a transporter.
  5574 | Temple   | Found a transporter.
  5574 | Temple   | Found a transporter.
  5574 | Temple   | Entered the Ecumenical Temple
  5588 | Temple   | Became a worshipper of Warmaster Okawaru
  5724 | D:6      | Reached XP level 9. HP: 78/78 MP: 8/8
  5822 | D:7      | Found Omooles's Armour Emporium.
  5877 | D:7      | Found a blossoming altar of Fedhas.
  5889 | D:7      | Noticed Duvessa
  5897 | D:7      | Noticed Dowan
  5900 | D:7      | Killed Duvessa
  5905 | D:7      | Killed Dowan
  6175 | D:1      | Bought a +2 buckler of reflection for 240 gold pieces
  6387 | D:7      | Found Qeang's General Store.
  6394 | D:7      | Bought a scroll of identify for 20 gold pieces
  6455 | D:7      | Reached * piety under Okawaru
  6456 | D:7      | Reached skill level 8 in Ranged Weapons
  6643 | D:7      | Identified the +11 glaive of Indomitability {freeze, *Slow
                  | Str+2 Int+7}
  6826 | D:7      | Found Qaalog's Magic Scroll Shop.
  6831 | D:7      | Bought a scroll of identify for 26 gold pieces
  6831 | D:7      | Identified a scroll of acquirement
  6832 | D:7      | Acquired 1008 gold pieces
  6878 | D:7      | Bought a scroll of teleportation for 30 gold pieces
  6878 | D:7      | Bought a scroll of blinking for 75 gold pieces
  6878 | D:7      | Bought a potion of curing for 30 gold pieces
  6878 | D:7      | Bought a wand of flame (10) for 70 gold pieces
  6922 | D:7      | Bought a scroll of revelation for 97 gold pieces
  6922 | D:7      | Bought 3 scrolls of identify for 78 gold pieces
  6922 | D:7      | Bought a scroll of blinking for 97 gold pieces
  6922 | D:7      | Bought a scroll of blinking for 97 gold pieces
  6922 | D:7      | Bought a scroll of blinking for 97 gold pieces
  6933 | D:7      | You fall into a shaft and drop 2 floors!
  6949 | D:9      | Reached skill level 1 in Invocations
  7182 | D:8      | Noticed Maggie
  7195 | D:8      | Killed Maggie
  7652 | D:1      | Bought 6 atropa-tipped darts for 59 gold pieces
  7835 | D:8      | Reached XP level 10. HP: 82/88 MP: 7/10
  8071 | D:8      | Noticed Psyche
  8079 | D:8      | Reached skill level 9 in Ranged Weapons
  8088 | D:8      | Killed Psyche
  8132 | D:8      | Acquired the ring "Gauhaw" {rElec rPois rN+ Dex+2}
  8759 | D:9      | Reached ** piety under Okawaru
  8786 | D:9      | Noticed a rust devil
  8934 | D:9      | Noticed a deep elf pyromancer
  8942 | D:9      | Killed a deep elf pyromancer
  8943 | D:9      | Reached skill level 10 in Maces & Flails
  9267 | D:9      | Found a staircase to the Lair.
  9300 | D:9      | Reached skill level 10 in Ranged Weapons
  9336 | D:9      | Found a broken altar of Ashenzari.
  9733 | D:10     | Entered Level 10 of the Dungeon
  9733 | D:10     | Noticed a two-headed ogre
  9742 | D:10     | Killed a two-headed ogre
  9742 | D:10     | Reached *** piety under Okawaru
  9743 | D:10     | Reached XP level 11. HP: 81/97 MP: 9/12
 10229 | D:10     | Found Tuedod's Antique Armour Boutique.
 10470 | D:10     | Bought a pair of twisted boots for 228 gold pieces
 10470 | D:10     | Identified the +2 pair of boots of Yesterday {rC+ Dex+2}
                  | (You bought it in a shop on level 10 of the Dungeon)
 10881 | D:10     | Noticed a two-headed ogre
 10885 | D:10     | Killed a two-headed ogre
 10909 | D:10     | Noticed a centaur warrior
 10921 | D:10     | Killed a centaur warrior
 11047 | D:10     | Noticed a six-headed hydra
 11052 | D:10     | Killed a six-headed hydra
 11053 | D:10     | Reached skill level 11 in Ranged Weapons
 11132 | D:10     | Noticed a yaktaur captain
 11132 | D:10     | Noticed an orc knight
 11162 | D:10     | Identified the +3 plate armour "Ismaet" {Rampage +Inv rC-
                  | Int+4}
 11163 | D:10     | Killed a yaktaur captain
 11163 | D:10     | Reached **** piety under Okawaru
 11181 | D:10     | Killed an orc knight
 11329 | D:10     | Identified the +6 spear of Fortitude {freeze, Dex+3}
 11348 | D:10     | Reached skill level 10 in Axes
 11633 | Lair:1   | Entered Level 1 of the Lair of Beasts
 11633 | Lair:1   | Noticed a death yak
 11633 | Lair:1   | Noticed a death yak
 11648 | D:9      | Killed a death yak
 11649 | D:9      | Reached skill level 10 in Fighting
 11649 | D:9      | Reached skill level 5 in Invocations
 11721 | D:9      | Killed a death yak
 11827 | D:9      | Reached ***** piety under Okawaru
 11891 | D:9      | Reached XP level 12. HP: 47/106 MP: 13/15
 11896 | D:9      | Reached skill level 12 in Ranged Weapons
 12078 | D:9      | Upgraded the game from 0.31-a0-1300-gb6740aa4e6 to
                  | 0.31-a0-1308-ga3cce3a448
 12149 | Lair:1   | Noticed Harold
 12160 | Lair:1   | Killed Harold
 12276 | Lair:1   | Received a gift from Okawaru
 12722 | D:10     | Bought a heavily runed cloak for 228 gold pieces
 12722 | D:10     | Identified the +2 cloak "Siolytzo" {Str+3} (You bought it
                  | in a shop on level 10 of the Dungeon)
 13382 | Lair:2   | Found a staircase to the Swamp.
 13392 | Lair:2   | Reached skill level 13 in Ranged Weapons
 13684 | Lair:2   | Found a hole to the Spider Nest.
 14078 | Lair:2   | Reached skill level 1 in Polearms
 14212 | Lair:2   | Received a gift from Okawaru
 14945 | Lair:3   | Noticed a five-headed hydra
 14946 | Lair:3   | Reached XP level 13. HP: 116/116 MP: 17/17
 16085 | Lair:4   | Received a gift from Okawaru
 16376 | Lair:4   | Found a staircase to the Slime Pits.
 16791 | Lair:4   | Reached skill level 14 in Ranged Weapons
 16816 | Lair:4   | Reached skill level 5 in Polearms
 17051 | Lair:4   | Found the +3 pair of seven-league boots {Rampage+∞}
 17265 | Lair:5   | Entered Level 5 of the Lair of Beasts
 17265 | Lair:5   | Found a bloodstained altar of Trog.
 17354 | Lair:5   | Received a gift from Okawaru
 17768 | Arena    | Entered the Arena
 17835 | Lair:5   | Received a gift from Okawaru
 17949 | Lair:5   | Acquired 760 gold pieces
 17959 | Lair:5   | Reached skill level 1 in Evocations
 18236 | D:1      | Bought a manual of Ranged Weapons for 800 gold pieces
 18631 | Lair:5   | Reached XP level 14. HP: 117/127 MP: 15/19
 18642 | Lair:5   | Reached skill level 15 in Ranged Weapons
 20155 | D:11     | Received a gift from Okawaru
 20266 | D:11     | Reached skill level 16 in Ranged Weapons
 20513 | D:12     | Noticed Kirke
 20564 | D:12     | Killed Kirke
 20584 | D:12     | Found a staircase to the Orcish Mines.
 20590 | Orc:1    | Entered Level 1 of the Orcish Mines
 20590 | Orc:1    | Noticed Nergalle
 20593 | Orc:1    | Killed Nergalle
 20593 | Orc:1    | Reached ****** piety under Okawaru
 20594 | Orc:1    | Acquired the +7 triple crossbow "Killer Klown's Peril"
                  | {speed, Int+4 Dex+4}
 20594 | Orc:1    | Received a gift from Okawaru
 20625 | Orc:1    | Found a large runed translucent door.
 20626 | Orc:1    | Found a large runed translucent door.
 20642 | Orc:1    | Noticed Daonol's ghost (journeyman TrBe)
 21218 | Orc:1    | Killed Daonol's ghost
 21271 | Orc:1    | Learned a level 4 spell: Manifold Assault
 21300 | Orc:2    | Entered Level 2 of the Orcish Mines
 21300 | Orc:2    | Found Quadyki's Distillery.
 21309 | Orc:2    | Found Atwi's Magic Scroll Boutique.
 21311 | Orc:2    | Bought a potion of enlightenment for 80 gold pieces
 21311 | Orc:2    | Bought a potion of might for 64 gold pieces
 21333 | Orc:2    | Bought a scroll of fog for 44 gold pieces
 21333 | Orc:2    | Bought a scroll of identify for 22 gold pieces
 21333 | Orc:2    | Bought a scroll of identify for 22 gold pieces
 21420 | Orc:2    | Noticed Erolcha
 21681 | Orc:2    | Killed Erolcha
 21735 | Orc:2    | Received a gift from Okawaru
 22248 | Orc:2    | Found a radiant altar of Vehumet.
 22352 | Orc:2    | Found Obleaw's Magic Scroll Shop.
 22362 | Orc:2    | Found Ohuleg's Distillery.
 22380 | Orc:2    | Noticed Donald
 22383 | Orc:2    | Killed Donald
 22384 | Orc:2    | Found a staircase to the Elven Halls.
 22389 | Orc:2    | Bought a potion of heal wounds for 70 gold pieces
 22389 | Orc:2    | Bought a potion of curing for 42 gold pieces
 22616 | Orc:2    | Reached skill level 1 in Translocations
 22639 | Orc:2    | Reached skill level 10 in Polearms
 22646 | Orc:2    | Reached skill level 17 in Ranged Weapons
 22648 | Orc:2    | Received a gift from Okawaru
 22649 | Orc:2    | Reached XP level 15. HP: 136/136 MP: 18/20
 22668 | Orc:2    | Reached skill level 5 in Armour
 23225 | Orc:2    | Found Jasest's Book Boutique.
 23225 | Orc:2    | Found Mebrem's Jewellery Emporium.
 23226 | Orc:2    | Found Kicwomei's Antique Weapon Emporium.
 23226 | Orc:2    | Found Winusch's Antique Weapon Shop.
 23372 | D:12     | Noticed Urug
 23381 | D:12     | Killed Urug
 23581 | D:12     | Received a gift from Okawaru
 24156 | D:12     | Noticed Rupert
 24166 | D:12     | Killed Rupert
 25326 | D:13     | Received a gift from Okawaru
 25350 | D:13     | Reached skill level 18 in Ranged Weapons
 25401 | D:13     | Found a gate to the Vaults.
 25418 | D:13     | Reached skill level 15 in Axes
 25931 | D:14     | Noticed Jorgrun
 25944 | Arena    | Entered the Arena
 25959 | Arena    | Killed Jorgrun
 26466 | D:14     | Learned a level 1 spell: Apportation
 26478 | D:14     | Received a gift from Okawaru
 26544 | D:14     | Noticed Lodul
 26545 | Arena    | Entered the Arena
 26548 | Arena    | Killed Lodul
 26972 | D:15     | Entered Level 15 of the Dungeon
 26990 | D:14     | Reached XP level 16. HP: 117/146 MP: 19/22
 26992 | D:14     | Reached skill level 10 in Invocations
 27107 | D:15     | Paralysed by something for 3 turns
 28016 | D:15     | Found a staircase to the Depths.
 28114 | D:15     | Noticed Nessos
 28116 | D:15     | Killed Nessos
 28194 | D:15     | Found a shadowy altar of Dithmenos.
 28608 | Elf:1    | Entered Level 1 of the Elven Halls
 29023 | Arena    | Entered the Arena
 29134 | Elf:1    | Paralysed by an air elemental for 1 turns
 30269 | Arena    | Entered the Arena
 30325 | Elf:1    | Found Ihybab's Antique Weapon Shop.
 30337 | Elf:1    | Noticed Agnes
 30341 | Elf:1    | Killed Agnes
 30351 | Elf:1    | Found Ompast's Jewellery Shoppe.
 30352 | Elf:1    | Found Loblock's Book Shop.
 31323 | Elf:1    | Bought a +4 ring of slaying for 1014 gold pieces
 31323 | Elf:1    | Bought a ring of see invisible for 195 gold pieces
 31739 | Elf:1    | Got Cuah's Folio of Bombardment
 31847 | Elf:2    | Reached skill level 19 in Ranged Weapons
 32951 | Elf:2    | Received a gift from Okawaru
 33100 | Elf:2    | Found a runed translucent gate.
 33100 | Elf:2    | Found a runed translucent gate.
 33100 | Elf:2    | Found a runed translucent gate.
 33199 | Elf:2    | Found a runed translucent gate.
 33199 | Elf:2    | Found a runed translucent gate.
 33204 | Elf:2    | Reached XP level 17. HP: 148/154 MP: 24/24
 33216 | Elf:2    | Found a runed translucent gate.
 33291 | Elf:2    | Reached skill level 15 in Fighting
 33490 | Elf:3    | Entered Level 3 of the Elven Halls
 34330 | Elf:3    | Acquired the ring "Rud Agef" {Fly rF- rCorr Int+6 Slay+3}
 34333 | Elf:3    | Identified the +0 leather armour "Uduaq" {rF+}
 34373 | Elf:3    | Identified the +0 scale mail "Jiakk" {Dex+5}
 35396 | Elf:3    | Found Ywkopl Omisa's Assorted Antiques.
 35400 | Elf:3    | Bought a scroll of revelation for 270 gold pieces
 35444 | Elf:3    | Received a gift from Okawaru
 35445 | Elf:3    | Reached skill level 5 in Evocations
 36094 | D:3      | Killed lucidstorm14's ghost
 36096 | D:3      | Killed Phlounder's ghost
 36096 | D:3      | Killed tgirl's ghost
 36544 | Spider:1 | Entered Level 1 of the Spider Nest
 36544 | Spider:1 | Noticed Asterion
 36669 | Spider:1 | Noticed Mlioglotl
 37015 | Lair:2   | Reached skill level 20 in Ranged Weapons
 37021 | Lair:2   | Killed Asterion
 37022 | Lair:2   | Reached skill level 10 in Armour
 38279 | Spider:1 | Killed Mlioglotl
 41516 | Spider:2 | Identified the serpent talisman "Kirghuddi" {Str+5}
 41516 | Spider:2 | Noticed Aizul
 41524 | Spider:2 | Killed Aizul
 42607 | Spider:2 | Noticed Nikola
 42624 | Spider:2 | Killed Nikola
 43819 | Spider:3 | Reached XP level 18. HP: 82/166 MP: 0/25
 48254 | Spider:4 | Entered Level 4 of the Spider Nest
 49515 | Spider:4 | Reached skill level 21 in Ranged Weapons
 49518 | Spider:4 | Noticed Arachne
 49533 | Spider:4 | HP: 3/166 [Arachne/staff of poison (7)]
 49535 | Spider:4 | Killed Arachne
 53615 | Spider:4 | Reached skill level 5 in Translocations
 53669 | Spider:4 | Got a gossamer rune of Zot
 54008 | Swamp:1  | Entered Level 1 of the Swamp
 54587 | Swamp:1  | Upgraded the game from 0.31-a0-1308-ga3cce3a448 to
                  | 0.31-a0-1321-g5021b54cb2
 56665 | Swamp:2  | Received a gift from Okawaru
 56943 | Swamp:2  | Noticed Louise
 56956 | Swamp:2  | Killed Louise
 57773 | Swamp:3  | Reached XP level 19. HP: 174/174 MP: 23/26
 59471 | Swamp:3  | Found a runed translucent door.
 60099 | Swamp:3  | Identified the +2 ring mail of Wyug {*Corrode rF++ SInv}
 60253 | Swamp:4  | Entered Level 4 of the Swamp
 60259 | Swamp:4  | Found a frozen archway.
 60264 | IceCv    | Entered an ice cave
 61824 | IceCv    | Found an ancient bone altar of Kikubaaqudgha.
 62130 | IceCv    | Reached skill level 15 in Armour
 64866 | Swamp:4  | Paralysed by a fenstrider witch for 5 turns
 65067 | Swamp:4  | Acquired a +2 executioner's axe of flaming
 65678 | Swamp:4  | Noticed the 27-headed Lernaean hydra
 65688 | Swamp:4  | Killed the 24-headed Lernaean hydra
 67941 | Swamp:4  | Identified the +3 leather armour of the Arena {Int+3}
 67982 | Swamp:4  | Got a decaying rune of Zot
 72211 | Elf:3    | Reached XP level 20. HP: 163/186 MP: 27/27
 72348 | Elf:3    | Identified the staff "Adimata" {rPois rF+ rCorr Dex-3 Conj}
 73669 | Vaults:1 | Entered Level 1 of the Vaults
 73669 | Vaults:1 | Noticed Norris
 73676 | Vaults:1 | Killed Norris
 73809 | Vaults:1 | Found the +8 Vampire's Tooth {megavamp}
 73944 | Vaults:1 | Noticed Saint Roka
 73948 | Vaults:1 | Gained mutation: Armour fits poorly on your strangely
                  | shaped body. [a neqoxec]
 73972 | Vaults:1 | Paralysed by a formless jellyfish for 1 turns
 74796 | Vaults:1 | Killed Saint Roka
 75656 | Vaults:2 | Noticed Jory
 75657 | Vaults:2 | Found a magical portal.
 75669 | Vaults:2 | Killed Jory
 75697 | WizLab   | Entered Eringya's Formal Garden
 76882 | WizLab   | Paralysed by a hornet for 3 turns
 77490 | WizLab   | Found a blossoming altar of Fedhas.
 77721 | WizLab   | Reached skill level 10 in Evocations
 77971 | Vaults:2 | Killed from afar by an ironbound thunderhulk

Illustrated notes

Levels and vault maps discovered:
D:1:      dpeg_arrival_central, layout_basic, serial_shops, shop,
          nicolae_square_shop, shop, shop
D:2:      layout_basic, minmay_close_crescents, uniq_sigmund
D:3:      layout_basic, gammafunk_ghost_cemetery
D:4:      layout_loops_ring, serial_shops, shop
D:5:      layout_basic, pdpol_temple_overflow_zin_treasury_gozag_greed,
          ebering_ghost_sewer_f
D:6:      layout_gridville, chequers_temple_overflow_statue_of_worship,
          minmay_temple_entry_wispy, minivault_27, uniq_prince_ribbit1
D:7:      layout_basic, amcnicky_altar_gilded, serial_shops, shop, shop, shop,
          uniq_duvessa
D:8:      layout_rooms, uniq_maggie, uniq_psyche
D:9:      layout_rooms, evilmike_ruin_ashenzari, erik_lair_island,
          serial_library, serial_library_hellmonk_secret_room,
          serial_library_hellmonk_room_a, serial_library_hellmonk_open_cross,
          serial_library_hellmonk_room_b,
          serial_library_regret_index_branch_corner,
          serial_library_regret_index_headful, serial_library_hellmonk_hallway_a
D:10:     layout_roguey, serial_shops, nicolae_inconvenience_store,
          minmay_the_grid_2x2 [minmay_the_grid_doors, minmay_the_grid_tree,
          minmay_the_grid_large_cup, minmay_the_grid_prize_diamond_cup]
D:11:     layout_basic
D:12:     kb_forest_paths, layout_loops_ring, uniq_urug, uniq_kirke, uniq_rupert
D:13:     layout_stronghold, erik_vaults_2
D:14:     layout_loops_ring, uniq_jorgrun, uniq_lodul
D:15:     hangedman_depths_entry_civil_slaughter, layout_rooms,
          grunt_dithmenos_shadows, minivault_5, uniq_nessos
Temple:   hellmonk_temple_divided_pantheon
Lair:1:   layout_chaotic_city, minivault_24, grunt_megastairs_5,
          infiniplex_staircase_pool, lemuel_fruit_tree, uniq_harold
Lair:2:   layout_hall_layers, minmay_swamp_entry_worms, dummy_spider_entry
Lair:3:   layout_layer_cave, columned_hall_lemuel, beast_lair_carwin_1
Lair:4:   layout_gridlike, minmay_slime_entry_pillars,
          dreamdust_deal_with_the_devil,
          hellmonk_guarded_unrand_seven_league_boots
Lair:5:   evilmike_catoblepas_cave, layout_layer_cave, basic_altar,
          lemuel_fruit_fields, infiniplex_staircase_pool_2, serial_bayou_shore_a
Swamp:1:  layout_falls_marsh, evilmike_swamp_ruin_house_4, swamp_pool_3
Swamp:2:  layout_falls_marsh, evilmike_swamp_ruin_rubble_2,
          cheibrodos_swamp_minitomb, uniq_louise
Swamp:3:  gammafunk_mikee_crab_dinner, layout_basic_swamp, serial_swamp_ruin,
          evilmike_swamp_ruin_house_3, hangedman_swamp_ruin_hall, swamp_pool_4
Swamp:4:  swamp_old_school, layout_basic_swamp,
          portal_ice_cave_entry_pillars_four, swamp_pool_1_2, grunt_witch_cave
Spider:1: layout_spider_delve, hellmonk_watch_for_rolling_rocks, uniq_mlioglotl,
          uniq_asterion
Spider:2: layout_spider_delve, uniq_nikola, uniq_aizul
Spider:3: layout_cave_pods
Spider:4: spider_rune_water, uniq_arachne
Orc:1:    layout_caves, ebering_ghost_disaster_area, uniq_nergalle
Orc:2:    st_orc_ogre_mass, layout_caves, basic_altar, serial_shops, shop, shop,
          nicolae_shop_tiny_waterfront, shop_statue, uniq_erolcha, uniq_donald
Elf:1:    layout_loops_ring, serial_shops, nicolae_shop_rolling_square,
          nicolae_book_shop_shelving, shop, minmay_elf_annihilation, uniq_agnes
Elf:2:    elven_hall_of_blades_hangedman_original
          [nicolae_blade_entry_area_security], layout_geoelf_grid,
          nicolae_elf_hall_of_bonks
Elf:3:    minmay_elf_hall_furrowed, layout_loops_corners, serial_shops,
          nicolae_shop_tiny_waterfront, grunt_megastairs_4
Vaults:1: vaults_mumra_hexcomb, nicolae_vaults_prndl,
          nicolae_vaults_sesquioval_fish, nicolae_vaults_storage_room_statues,
          nicolae_vaults_little_squares_1, nicolae_vaults_diamond_1,
          layout_vaults_quadrants, uniq_norris, uniq_saint_roka
Vaults:2: infiniplex_enter_wizlab_glasses, nicolae_vaults_more_shelving_2,
          vaults_dpeg_spiral, nicolae_vaults_sightless_eye,
          ontoclasm_vaults_ring_small, v_alt_pattern_5, st_eye,
          ontoclasm_vaults_pinch, v_misc_25, nicolae_vaults_asterisk,
          layout_vaults_ring, uniq_jory

Skill      XL: |  1  2  3  4  5  6  7  8  9 10 11 12 13 14 15 16 17 18 19 20 |
---------------+-------------------------------------------------------------+-----
Axes           | 3 5 6 7 8 9 10 12 13 14 15 17 18 | 18.6
Fighting       | 4 5 6 8 9 10 11 12 13 14 15 16 17 18 | 18.5
Ranged Weapons | 2 3 4 5 7 8 10 11 13 14 17 18 19 20 21 | 21.6
Maces & Flails | 1 3 5 7 9 10 11 | 11.7
Invocations    | 2 3 5 6 8 9 10 11 | 11.3
Polearms       | 2 7 10 11 | 11.9
Evocations     | 1 2 4 6 7 9 10 | 10.0
Armour         | 4 6 8 11 14 16 17 | 17.9
Translocations | 1 3 5 6 7 |  7.7
Shields        | |  3.6

Action                     |  1- 3 |  4- 6 |  7- 9 | 10-12 | 13-15 | 16-18 | 19-21 || total
---------------------------+-------+-------+-------+-------+-------+-------+-------++-------
  Melee: War axe           |    52 |    12 |       |       |       |       |       ||    64
         Headbutt          |     7 |     8 |    22 |    79 |   115 |   105 |    64 ||   400
         Eveningstar       |       |    59 |   169 |   151 |    10 |     8 |       ||   397
         Battleaxe         |       |       |       |   182 |    80 |   464 |   271 ||   997
         Glaive            |       |       |       |    29 |   321 |       |       ||   350
         Dire flail        |       |       |       |     3 |   126 |       |       ||   129
         Unarmed           |       |       |       |       |     1 |       |       ||     1
         Punch             |       |       |       |       |     1 |       |       ||     1
         Executioner's axe |       |       |       |       |       |       |     6 ||     6
   Fire: Sling             |     9 |    38 |    78 |    27 |       |       |       ||   152
         Arbalest          |       |       |       |    69 |    79 |       |       ||   148
         Triple crossbow   |       |       |       |       |   210 |   585 |   507 ||  1302
  Throw: Dart              |       |     2 |     6 |     4 |     6 |       |       ||    18
         Javelin           |       |       |       |       |     3 |       |       ||     3
         Boomerang         |       |       |       |       |     2 |    13 |     4 ||    19
 Invoke: Heroism           |       |       |     6 |    18 |    17 |    36 |    33 ||   110
         Finesse           |       |       |       |     1 |     1 |     4 |     3 ||     9
         Duel              |       |       |       |       |     3 |     2 |       ||     5
         Receive Weapon    |       |       |       |       |     1 |       |       ||     1
  Evoke: Wand              |       |       |     4 |    17 |    14 |    17 |     3 ||    55
    Use: Scroll            |     1 |     4 |    11 |     8 |     9 |    20 |    16 ||    69
         Potion            |       |     1 |     2 |     2 |     3 |    12 |    11 ||    31
   Stab: Petrified         |       |       |       |       |     3 |       |       ||     3
         Invisible         |       |       |       |       |       |    13 |     2 ||    15
         Paralysed         |       |       |       |       |       |     1 |       ||     1
 Armour: Scale mail        |    32 |    35 |       |       |       |       |       ||    67
         Chain mail        |       |    11 |    93 |       |       |       |       ||   104
         Plate armour      |       |       |    56 |   384 |    23 |       |       ||   463
         Crystal plate arm |       |       |       |       |   687 |  1279 |   718 ||  2684
  Dodge: Dodged            |    22 |    34 |    59 |   152 |   185 |   287 |   179 ||   918
  Block: Buckler           |    12 |    16 |    55 |    76 |       |       |       ||   159
         Reflection        |       |       |     3 |     8 |     2 |    18 |     4 ||    35
         Other             |       |       |       |    32 |     7 |   156 |    43 ||   238

Table legend: (Time is in decaauts)
 A = Elapsed time spent in this place.
 B = Non-inter-level travel time spent in this place.
 C = Inter-level travel time spent in this place.
 D = Time resting spent in this place.
 E = Time spent auto-exploring this place.
 F = Levels seen in this place.
 G = Mean time per level.
                   A        B        C        D        E       F      G
               +--------+--------+--------+--------+--------+-----+--------+
         Total |  80029 |  74724 |   5305 |  43501 |  20889 |  43 | 1861.1 |
       Dungeon |  19782 |  16967 |   2815 |   5185 |   8944 |  15 | 1318.8 |
        Temple |     31 |     22 |      9 |      0 |      0 |   1 |   31.0 |
          Lair |   9815 |   9253 |    562 |   3230 |   4709 |   5 | 1963.0 |
         Swamp |  12257 |  11843 |    414 |   8851 |   1920 |   4 | 3064.2 |
   Spider Nest |  15472 |  15075 |    397 |  11782 |   1579 |   4 | 3868.0 |
  Orcish Mines |   3118 |   2780 |    338 |   1579 |    792 |   2 | 1559.0 |
   Elven Halls |  12800 |  12094 |    706 |   8956 |   1154 |   3 | 4266.7 |
        Vaults |   2220 |   2159 |     61 |    736 |    987 |   2 | 1110.0 |
      Ice Cave |   2139 |   2139 |      0 |   1562 |    383 |   1 | 2139.0 |
        Wizlab |   2253 |   2253 |      0 |   1566 |    371 |   1 | 2253.0 |
         Arena |    136 |    136 |      0 |     51 |     45 |   5 |   27.2 |
               +--------+--------+--------+--------+--------+-----+--------+

Top non-repeatable levels by time:
   Elf:3: 7222 daAuts
 Swamp:4: 5737 daAuts
Spider:4: 5400 daAuts
Spider:3: 4613 daAuts
Spider:2: 3714 daAuts
  Lair:2: 3479 daAuts
   Elf:1: 3455 daAuts
 Swamp:3: 3022 daAuts
   Orc:2: 2266 daAuts
  WizLab: 2253 daAuts
     D:9: 2189 daAuts
    D:10: 2176 daAuts
   IceCv: 2139 daAuts
 Swamp:2: 2127 daAuts
   Elf:2: 2122 daAuts
